 Dungeon Crawl Stone Soup version 0.30.1-4-g462c640d31 (webtiles) character file.

Game seed: 7745403558175770249

11 croobank the Sneak (level 2, -4/21 HPs)
             Began as an Octopode Delver on Sept 16, 2023.
             Slain by a phantom (5 damage)
             ... on level 6 of the Dungeon.
             The game lasted 00:02:18 (320 turns).

croobank the Sneak (Octopode Delver)                 Turns: 320, Time: 00:02:19

Health: -4/21      AC:  1    Str: 11    XL:     2   Next: 25%
Magic:  2/2        EV: 13    Int: 12    God:
Gold:   0          SH:  0    Dex: 13    Spells: 1/1 levels left

rFire   . . .        a - +0 short sword
rCold   . . .        (no shield)
rNeg    . . .        (helmet restricted)
rPois   .            (no amulet)
rElec   .            (no ring)
rCorr   .            (no ring)
SInv    .            (no ring)
Will    .....        (no ring)
Stlth   ++++         (no ring)
HPRegen 0.23/turn    (no ring)
MPRegen 0.08/turn    (no ring)
                     (no ring)

%: no passive effects
@: hasted, very quick
A: almost no armour, amphibious, 8 rings, camouflage 1, gelatinous body 1,
(nimble swimmer 1), tentacles
a: no special abilities


You were on level 6 of the Dungeon.
You visited 1 branch of the dungeon, and saw 3 of its levels.

Inventory:

Hand Weapons
 a - a +0 short sword (weapon)
 g - a +0 falchion
Wands
 f - a wand of digging (3)
Scrolls
 b - a scroll of fog
 c - a scroll of magic mapping
 d - 2 scrolls of fear
 i - a scroll of identify {unknown}
Potions
 h - a potion of lignification {unknown}
 j - a potion of experience {unknown}


   Skills:
 + Level 3.1 Fighting
 + Level 2.2 Short Blades
 + Level 2.2 Dodging
 + Level 6.8 Stealth


You had one spell level left.
You didn't know any spells.
Your spell library was empty.

Dungeon Overview and Level Annotations

Branches:
Dungeon (6/15)
 Temple: D:4-7

Altars:
Sif Muna

Shops:
D:5 *


Innate Abilities, Weirdness & Mutations

You cannot wear most types of armour.
You are amphibious.
You can wear up to eight rings at the same time.
Your skin changes colour to match your surroundings (Stealth+).
Your rubbery body absorbs attacks. (AC +1, EV +1)
((You are camouflaged when in or above water. (Stealth+)))
You have tentacles for arms and can constrict up to eight enemies at once.


Message History

You barely miss the phantom.
The phantom is heavily damaged.
The phantom misses you.
You hit the phantom.
The phantom is heavily damaged.
The phantom hits you.
You hit the phantom but do no damage.
The phantom is heavily damaged.
You hit the phantom but do no damage.
The phantom is heavily damaged.
The phantom barely misses you.
You hit the phantom. Your squeeze misses the phantom.
The phantom is severely damaged.
The phantom hits you.
The phantom blinks!
You blink.
You barely miss the phantom.
The phantom is severely damaged.
You closely miss the phantom.
The phantom is severely damaged.
The phantom barely misses you.
You barely miss the phantom. Your squeeze misses the phantom.
The phantom is severely damaged.
You hit the phantom.
The phantom is severely damaged.
The phantom misses you.
You hit the phantom but do no damage.
The phantom is severely damaged.
The phantom hits you.
* * * LOW HITPOINT WARNING * * *
You closely miss the phantom.
The phantom is severely damaged.
You hit the phantom but do no damage.
The phantom is severely damaged.
The phantom hits you.
* * * LOW HITPOINT WARNING * * *
You hit the phantom but do no damage.
The phantom is severely damaged.
You hit the phantom.
The phantom is severely damaged.
The phantom hits you.
You die...

#.#.#......##
#.#.#........
####.#.#.......#
.......+.......#
##...#.......#
#.###..........#
#........#<....#
...........############
........#.....W@.......
........#..############
........#....
........#..###
#####...#... #...#..#.


You could see a phantom.

Vanquished Creatures
  An adder (D:5)
  An endoplasm (D:4)
  A ball python (D:4)
3 creatures vanquished.

Notes
Turn   | Place    | Note
-------+----------+-------------------------------------------
     0 | D:5      | croobank the Octopode Delver began the quest for the Orb.
     0 | D:5      | Reached XP level 1. HP: 16/16 MP: 1/1
    50 | D:6      | Noticed an orc wizard
    69 | D:5      | Reached XP level 2. HP: 21/21 MP: 2/2
    76 | D:5      | Found Zeyfeoci's Assorted Antiques.
   178 | D:5      | Found a shimmering blue altar of Sif Muna.
   247 | D:5      | Noticed a scorpion
   293 | D:6      | Noticed a phantom
   318 | D:6      | HP: 1/21 [phantom (3)]
   320 | D:6      | Slain by a phantom

Illustrated notes

Levels and vault maps discovered:
D:4:      layout_rooms, uniq_sigmund
D:5:      layout_cave_pods, nicolae_ashenzari_panopticon,
          mainiacjoe_overflow_surrounded_room, serial_shops, shop,
          chequers_hall_statues_y
D:6:      layout_basic, minmay_a_box_with_orc_wizards_in_it, uniq_maggie

Action                     || total
---------------------------++-------
  Melee: Short sword       ||    27
         Tentacles         ||     2
    Use: Potion            ||     1
   Stab: Sleeping          ||     3
  Dodge: Dodged            ||    10
